Cogmind - Beta 15 *** ADVENTURER MODE // 2025.06.05 @ 20:40:30 Player: triibiis Result: Destroyed by Y6-HHO(R) with Subdweller Laser Performance ------------- Evolutions (0) 0 Regions Visited (2) 400 Robots Destroyed (0) 0 Value Destroyed (0) 0 Prototype IDs (0) 0 Alien Tech Used (0) 0 Bonus (-21) -21 TOTAL SCORE: 379 Bonus ------- Friendly Fire -21 Cogmind --------- Core Integrity 0/250 Matter 280/300 Energy 80/125 System Corruption 0% Temperature Cool (6) Movement Treading (160) Location -10/Subcaves Parts ------- > --- POWER (1) -------- Light Ion Engine > --- PROPULSION (2) --- Light Treads > --- UTILITY (2) ------ Small Storage Unit > --- WEAPON (2) ------- (None) > --- INVENTORY (8) ---- Light Treads Humpback Particle Gun Light Assault Rifle Peak State ------------ > --- POWER ------------ Light Ion Engine > --- PROPULSION ------- Wheel Wheel > --- UTILITY ---------- Heat Sink Small Storage Unit > --- WEAPON ----------- Assault Rifle Light Assault Rifle > --- INVENTORY -------- Light Ion Engine Light Treads Light Treads Particle Gun Light Assault Rifle [Rating: 7] Favorites ----------- Power Light Ion Engine Engine Light Ion Engine Propulsion Wheel Treads Light Treads Wheel Wheel Utility Small Storage Unit Device Heat Sink Storage Small Storage Unit Weapon Light Assault Rifle Ballistic Gun Light Assault Rifle Build | -11 -10 -10 ------- Run | Yrd Mat Sub Slots Evolved . | . . . Power . | . . . Propulsion . | . . . Utility . | . . . Weapon . | . . . Parts Attached 9 | 6 1 2 Power 2 | 1 . 1 Engine 2 | 1 . 1 Core . | . . . Reactor . | . . . Propulsion 3 | 2 . 1 Treads 1 | . . 1 Leg . | . . . Wheel 2 | 2 . . Hover . | . . . Flight . | . . . Utility 2 | 1 1 . Device 1 | . 1 . Storage 1 | 1 . . Processor . | . . . Hackware . | . . . Protection . | . . . Artifact . | . . . Weapon 2 | 2 . . Energy Gun . | . . . Energy Cannon . | . . . Ballistic Gun 2 | 2 . . Ballistic Cannon . | . . . Launcher . | . . . Special Weapon . | . . . Impact Weapon . | . . . Slashing Weapon . | . . . Piercing Weapon . | . . . Special Melee Weapon . | . . . Unidentified Prototypes . | . . . Parts Lost 5 | . . 5 Power 1 | . . 1 Propulsion 1 | . . 1 Utility 1 | . . 1 Weapon 2 | . . 2 Highest Loss Streak 3 | . . 3 To Critical Strikes . | . . . Average Backups 4 | 1 4 5 Power . | . 1 1 Propulsion 1 | . 2 2 Utility . | . . . Weapon 1 | . 1 2 Tool/Special . | . . . Unused Backups 4 | . . 4 Power . | . . . Propulsion 1 | . . 1 Utility 1 | . . 1 Weapon 2 | . . 2 Tool/Special . | . . . Average Slot Usage (%) 83 | . 92 81 Engine 14 | . 14 14 Wheel 17 | . 28 15 Device 11 | . 7 12 Storage 14 | . 14 14 Ballistic Gun 25 | . 28 24 Peak Build Rating 7 | 6 7 7 Average Rating 5 | 4 6 5 On Entrance 4 | . 6 7 Naked Turns . | . . . Heaviest Build 12 | 11 12 12 Greatest Support 20 | 20 20 10 Greatest Overweight (x) 3 | . 1 3 Average Overweight (x) . | . . 1 Largest Inventory Capacity 8 | 8 8 8 Average Capacity 7 | 6 8 8 Most Carried 7 | 4 5 7 Average Carried 5 | 1 4 6 Final Capacity 8 | 8 8 8 Final Carried 5 | 4 5 5 Class Distribution -------------------- 100% | Mutant Dominant Class ---------------- Mutant | -10/Materials Mutant | -10/Subcaves Resources | -11 -10 -10 ----------- Run | Yrd Mat Sub Matter Collected 282 | 226 48 8 Remotely . | . . . Salvage Created . | . . . Parts . | . . . Haulers Intercepted . | . . . Recyclers Shooed . | . . . Parts Field Recycled . | . . . Retrieved Matter . | . . . Parts Self-Destructed . | . . . Prevented . | . . . Kills | -11 -10 -10 ------- Run | Yrd Mat Sub Combat Hostiles Destroyed . | . . . Classes Destroyed . | . . . Best Kill Streak . | . . . Combat Bots Only . | . . . Max Kills in Single Turn . | . . . Gunslinging . | . . . Exploded . | . . . Melee . | . . . Uniques/NPCs Destroyed . | . . . Combat | -11 -10 -10 -------- Run | Yrd Mat Sub Hostile Shots Fired 59 | . 2 57 Missed 19 | . 1 18 Hits 40 | . 1 39 Projectile 40 | . 1 39 Critical Strikes 1 | . . 1 Damage Taken 656 | . 33 623 Core 263 | . 2 261 Absorbed by Shields . | . . . Ignored by Resistances 177 | . 4 173 Core Remaining (%) 100 | 100 . . Volleys Fired 12 | . 1 11 Largest 2 | . 2 2 Hottest 40 | . 40 40 Shots Fired 20 | . 2 18 Gun 20 | . 2 18 Cannon . | . . . Launcher . | . . . Special . | . . . Kinetic 20 | . 2 18 Thermal . | . . . Explosive . | . . . Electromagnetic . | . . . Robot Hit Streak 9 | . 2 9 Robot Miss Streak 1 | . . 1 Penetration Max . | . . . Secondary Targets . | . . . Shots Hit Robots 18 | . 2 16 Core Hits 4 | . 2 2 Critical Kills . | . . . Critical Parts Destroyed . | . . . Critical Strikes . | . . . Melee Attacks . | . . . Impact . | . . . Slashing . | . . . Piercing . | . . . Sneak Attacks . | . . . Combat Hostiles . | . . . Follow-up Attacks . | . . . Damage Inflicted 187 | . 37 150 Guns 170 | . 20 150 Cannons . | . . . Explosions . | . . . Melee . | . . . Ramming 17 | . 17 . Kinetic 170 | . 20 150 Thermal . | . . . Explosive . | . . . Electromagnetic . | . . . Impact . | . . . Slashing . | . . . Piercing . | . . . Highest Corruption . | . . . Average Corruption . | . . . Corruption Purged . | . . . Corruption Blocked . | . . . Overload Shots . | . . . Overflow Damage . | . . . Projectiles . | . . . Explosions . | . . . Melee . | . . . Knockbacks . | . . . Impact . | . . . Kinetic . | . . . Secondary . | . . . Self-Inflicted Damage 17 | . 17 . Shots . | . . . Rammed . | . . . Targets Rammed . | . . . Kicked . | . . . Crushed . | . . . Highest Temperature 9 | . 9 . Average Temperature 9 | . 9 . Received Heat Transfer 243 | . 9 234 Siege Activations . | . . . Martial Activations . | . . . Shielding Activations . | . . . Robots Disrupted . | . . . Combat Hostiles . | . . . Robots Corrupted . | . . . Combat Hostiles . | . . . Parts Fried . | . . . Impact Corruptions . | . . . Robots Melted . | . . . Combat Hostiles . | . . . Parts Melted . | . . . Heat Transferred . | . . . Parts Sabotaged . | . . . Parts Stolen . | . . . Parts Stripped . | . . . Power Chain Reactions . | . . . Alert | -11 -10 -10 ------- Run | Yrd Mat Sub Maximum Alert Level . | . . . Low Security (%) 100 | 100 100 . Level 1 . | . . . Level 2 . | . . . Level 3 . | . . . Level 4 . | . . . Level 5 . | . . . High Security . | . . . Max Security . | . . . Peak Influence . | . . . Initial . | . . . Average . | . . . Influence Increases . | . . . Influence Decreases . | . . . Squads Dispatched . | . . . Investigation . | . . . Extermination . | . . . Reinforcement . | . . . Assault . | . . . Garrison . | . . . Intercept . | . . . Searches Triggered . | . . . Construction Impeded . | . . . Haulers Reinforced . | . . . Active Scanning Responses . | . . . Cargo Convoy Interrupts . | . . . Stealth | -11 -10 -10 --------- Run | Yrd Mat Sub Distress Signals . | . . . Communications Jammed . | . . . Distress Signals . | . . . Times Spotted 9 | . 5 4 Peak Tracking Total 4 | . 4 2 Tactical Retreats . | . . . Traps | -11 -10 -10 ------- Run | Yrd Mat Sub Traps Triggered . | . . . Indirectly . | . . . Trap Hack Attempts . | . . . Triggered . | . . . Disarmed . | . . . Reprogrammed . | . . . Reused . | . . . Traps Extracted . | . . . Installed . | . . . Triggered . | . . . Machines | -11 -10 -10 ---------- Run | Yrd Mat Sub Machines Disabled . | . . . Max in Single Turn . | . . . Machines Repaired . | . . . Machines Dismantled . | . . . Machines Sabotaged . | . . . Overloaded Fab Kills . | . . . Hacking | -11 -10 -10 --------- Run | Yrd Mat Sub Machines Accessed . | . . . Terminals . | . . . Fabricators . | . . . Repair Stations . | . . . Recycling Units . | . . . Scanalyzers . | . . . Garrison Access . | . . . Total Hacks . | . . . Successful . | . . . Failed . | . . . Catastrophic . | . . . Database Lockouts . | . . . Manual . | . . . Terminals . | . . . Fabricators . | . . . Repair Stations . | . . . Recycling Units . | . . . Scanalyzers . | . . . Garrison Access . | . . . Terminal Hacks . | . . . Fabricator Hacks . | . . . Repair Station Hacks . | . . . Recycling Unit Hacks . | . . . Scanalyzer . | . . . Garrison Access Hacks . | . . . Unauthorized Hacks . | . . . Terminals . | . . . Fabricators . | . . . Repair Stations . | . . . Recycling Units . | . . . Scanalyzers . | . . . Garrison Access . | . . . Data Cores Recovered . | . . . Used . | . . . Hacking Detections . | . . . Full Trace Events . | . . . Feedback Events . | . . . Feedback Blocked . | . . . Robot Schematics Acquired . | . . . Robots Built . | . . . Authchips . | . . . Time . | . . . Total Robot Build Rating . | . . . Part Schematics Acquired . | . . . Parts Built . | . . . Authchips . | . . . Time . | . . . Total Part Build Rating . | . . . Parts Repaired . | . . . Time . | . . . Parts Recycled . | . . . Recycled Matter . | . . . Retrieved Matter . | . . . Retrieved Components . | . . . Parts Scanalyzed . | . . . Part Schematics Acquired . | . . . Parts Damaged . | . . . Bothacking | -11 -10 -10 ------------ Run | Yrd Mat Sub Used RIF Installer . | . . . Robots Hacked . | . . . Non-combat . | . . . Combat . | . . . Robot Hacks Applied . | . . . Relay Couplers Released . | . . . Fabnet Peak Effective % . | . . . Robots Rewired . | . . . Allies Hacked . | . . . Hacks Repelled . | . . . Allies | -11 -10 -10 -------- Run | Yrd Mat Sub Total Allies . | . . . Largest Group . | . . . Highest-Rated Group . | . . . Highest-Rated Ally . | . . . Total Orders . | . . . Ally Attacks . | . . . Total Damage . | . . . Kills . | . . . Allies Corrupted . | . . . Allies Melted . | . . . Intel | -11 -10 -10 ------- Run | Yrd Mat Sub Active Infowar (turns) . | . . . Robot Analysis Total . | . . . Derelict Logs Recovered . | . . . Drone Launches . | . . . Drone Recoveries . | . . . Exploration | -11 -10 -10 ------------- Run | Yrd Mat Sub Turns Passed 430 | 65 68 297 Spaces Moved 396 | 67 74 255 Core 34 | 3 . 31 Treads . | . . . Legs . | . . . Wheels 362 | 64 74 224 Hover . | . . . Flight . | . . . Fastest Speed 50 | 50 80 80 Average Speed 95 | 78 82 104 Slowest Speed 200 | 80 95 200 Overloaded Moves . | . . . Propulsion Burnouts . | . . . Robots Hopped . | . . . Potential Cave-ins . | . . . Cave-ins Triggered . | . . . Exploration Rate (%) 9 | 3 8 18 Regions Visited 2 Branch Regions 1 Pre-discovered Areas . | . . . Known Exits Taken . | . . . Unknown Exits Taken 2 | 1 1 . Scrap Searched . | . . . Spaces Dug . | . . . Terrain Destroyed . | . . . Melee . | . . . Projectile . | . . . AOE . | . . . Terrain Rammed 2 | . 2 . Walls Destroyed . | . . . Machines Disabled . | . . . Actions | -11 -10 -10 --------- Run | Yrd Mat Sub Total 424 | 76 78 270 Wait . | . . . Move 394 | 66 73 255 Hop . | . . . Pick Up 6 | 4 1 1 Fast Attach 7 | 6 1 . Attach 2 | . . 2 Detach . | . . . Swap . | . . . Drop 1 | . . 1 Fire 12 | . 1 11 Melee . | . . . Ram 2 | . 2 . Kick . | . . . Crush . | . . . Escape Stasis . | . . . Rewire . | . . . Trap . | . . . Miscellaneous . | . . . Route ------- -11/Scrapyard -10/Materials -10/Subcaves (discovered 1 exit: [Scr]) History --------- Turn | Location | Event 15 | -11/Scrapyard | Discovered new exit (range 15) 66 | -11/Scrapyard | Entered Materials 67 | -10/Materials | Met a group of wandering Federalists 118 | -10/Materials | Discovered new exit (range 8) 134 | -10/Materials | Entered Subcaves 135 | -10/Subcaves | Continued accompanying wandering Federalists (5) 135 | -10/Subcaves | Approached by a straggling Scientist 256 | -10/Subcaves | A swath of the cavern ceiling suddenly collapsed 303 | -10/Subcaves | Build established: Mutant 397 | -10/Subcaves | Core integrity fell below 50% 425 | -10/Subcaves | Core integrity fell below 20% 431 | -10/Subcaves | Destroyed by Y6-HHO(R) with Subdweller Laser Last Messages --------------- here" 9P-T5S(R) destroyed. Acquired 8 matter. Subatomizers dissect the Broken Wheel. Acquired Humpback. A swath of the cavern ceiling suddenly collapses. A derelict emerges from the shadows: "Hey wait up! Finally some friendlies. We were scared out of our wits watching Subs pass by here several times." NQ-P59(c): "I think it's somewhere north of here" Assault Rifle destroyed. Wheel destroyed. Heat Sink destroyed. NQ-P59(c) destroyed. UM-2K0(u) tweaks Twisted Machinery. Lgt. Ion Engine destroyed. Lgt. Assault Rifle destroyed. Map ----- +----------------------------------------------------+ | ????????????????????????????????????????????????## | | ????????????????????????????????????????????????#" | | ???????????????????????????????????????????????#"# | | ???????????????????????????????????????????????##" | | ???????????????????????????????????????????????# " | | ???????????????????????????????????????????????# # | | ???????????????????????????????????????????????##? | | ?????????????????????????????????????????????????? | | ?????????????????????????????????????????????????? | | ?????????????????????????????????????????????????? | | ?????????????????????????????????????????????????? | | ?????????????????????????????????????????????????? | | ????????????????????????????????????????????????## | | ??????????????????????????????????????????####### | | ??????????????????????????#######???????### ## | | ?????????????????????????## ##?????## | | ?????????????????????????? #??#### | | ??????????????????" ??????? #### | | ?????????????????? ?????? ## ## | | ??????????????????? ##?????# ## ### | | ???????????????????"""#"#?????# ## | | ???????????????????"""" ??#### ### | | ????????????????????#"" ?## R ## | | ?????????????????????#"# ## ## | | ?????????????????????#" R## ## | | ?????????????????????## @ ### ## | | ??????????????????????# ###?# ! ## | | ?????????????????????# #???## %= ### # | | ?????????????????????## #????# ! ### # | | ?????????????????????# #???## ## # | | ?????????????????????##""##???# ### " "" " # | | ??????????????????????"""?????## #?# """" ## | | ?????????????????????##" ??????# #?# ### | | ??????????????????????#""??????## #?# ##?## " | | ???????????????????????""??????# #?###???####""" | | ???????????????????????????????## #??????????###? | | ????????????????????????????????# #????????????? | | ????????????????????????????????# #????????????? | | ????????????????????????????????## #????????????? | | ?????????????????????????????????? ????????????? | | ?????????????????????????????????? ???????????? | | ?????????????????????????????????? ???????????? | | ?????????????????????????????????? ??????????? | | ?????????????????????????????????? #?????????? | | ?????????????????????????????????? ##?????????? | | ?????????????????????????????????? ##??????????? | | ??????????????????????????????????? #???????????? | | ??????????????????????????????????? ##???????????? | | ???????????????????????????????????##????????????? | | ?????????????????????????????????????????????????? | +----------------------------------------------------+ Best States ------------- Heat Dissipation 35 Energy Generation 10 Energy Capacity 125 Matter Stores 300 Matter Capacity 300 Sight Range 16 Terrain Scan Density 10 Resistance: KI 20 Resistance: TH 20 Resistance: EX 20 Resistance: EM 20 Resistance: I 20 Resistance: S 20 Resistance: P 20 Evasion (%) 44 Offensive Hacking 10 Item Schematics ----------------- None Robot Schematics ------------------ None Fabricated ------------ Nothing Repaired ---------- Nothing Alien Tech Used ----------------- None Achievements -------------- None Challenges ------------ None Game ------ Seed ChipFieldAutopenetrator Manual? 0 Play Time 00:07:30 Cumulative 5.5 hours Start 2025.06.05 @ 19:21:47 End 2025.06.05 @ 20:40:30 Sessions 2 Manual Loads 0 Difficulty Adventurer Special Mode None Game No. 13 Rogue 0 Adventurer 13 Explorer 0 Win Type - Total 0 Types 0/0/0/0/0/0/0/0/0/0 Lore% 2 Gallery% 8 Achievement% 13 Wizard Run 0 Options --------- Layout 1 ASCII 0 Keyboard 0 Movement Arrows Keybinds 0 Fullscreen 1 Font 36/Smallcaps Map View 50x43 Zoom Use 0% Tactical HUD 0 Map Filters NONE Filters NONE Steam 1 RUN: f8b05402-1b8d-401a-af14-5738d1879941